 Dungeon Crawl Stone Soup version 0.26.1-2-gb8aa6d0cf2 (webtiles) character file.

Game seed: 5160735670686576574

114 RaHiT the Covert (level 4, -3/31 HPs)
             Began as an Octopode Delver on Mar 21, 2021.
             Slain by a centaur
             ... wielding a +0 hand axe
              (10 damage)
             ... on level 2 of the Dungeon.
             The game lasted 00:10:00 (1453 turns).

RaHiT the Covert (Octopode Delver)                  Turns: 1453, Time: 00:10:01

Health: -3/31      AC:  1    Str: 11    XL:     4   Next: 97%
Magic:  5/5        EV: 14    Int: 13    God:
Gold:   113        SH:  0    Dex: 13    Spells: 5/5 levels left

rFire    . . .     SeeInvis .     - Unarmed
rCold    . . .     Faith    .   (no shield)
rNeg     . . .     Spirit   .   (helmet restricted)
rPois    .         Reflect  .   r - amulet of the acrobat
rElec    .         Harm     .   v - ring of attention
rCorr    .         Rampage  .   (no ring)
Will     .....                  (no ring)
Stlth    ++++......             (no ring)
HPRegen  0.10/turn              (no ring)
MPRegen  0.09/turn              (no ring)
                                (no ring)
                                (no ring)

@: no status effects
A: almost no armour, stealthy swim, amphibious, 8 rings, constrict 8, camouflage
1, gelatinous body 1
a: no special abilities


You were on level 2 of the Dungeon.
You visited 1 branch of the dungeon, and saw 5 of its levels.

You collected 113 gold pieces.

Inventory:

Missiles
 g - 42 arrows
 j - 29 poisoned darts (quivered)
 t - 110 stones
 w - 5 boomerangs
Jewellery
 k - an uncursed amulet of guardian spirit
 r - an amulet of the acrobat (around mantle)
 v - a ring of attention (left tentacle)
Wands
 e - a wand of digging (3)
Scrolls
 a - a scroll of fog
 b - 2 scrolls of magic mapping
 c - a scroll of fear
 l - a scroll of blinking
 n - a scroll of amnesia
 q - a scroll of teleportation
Potions
 d - a potion of haste
 h - 2 potions of might
 i - 5 potions of attraction
 s - a potion of mutation {unknown}
 x - a potion of flight {unknown}


   Skills:
 - Level 3.0 Fighting
 - Level 3.0 Dodging
 - Level 8.0 Stealth
 * Level 2.8 Unarmed Combat
 - Level 1.0 Spellcasting


You had 5 spell levels left.
You didn't know any spells.
Your spell library was empty.

Dungeon Overview and Level Annotations

Branches:
Dungeon (5/15)
 Temple: D:4-7

Altars:


Innate Abilities, Weirdness & Mutations

You cannot wear most types of armour.
You are very stealthy in the water. (Stealth+)
You are amphibious.
You can wear up to eight rings at the same time.
You can use your tentacles to constrict eight enemies at once.
Your skin changes colour to match your surroundings (Stealth+).
Your rubbery body absorbs attacks. (AC +1, EV +1)


Message History

You climb downwards.
There is a stone staircase leading up here.
The centaur shouts!
You tentacle-slap the centaur but do no damage.
You hear a shout!
You hear an angry hiss.
You hear a shout!
The centaur closely misses you.
You barely miss the centaur.
The centaur hits you with a +0 hand axe! x2
* * * LOW HITPOINT WARNING * * *
A kobold comes into view. It is wielding a +0 short sword.
You tentacle-slap the centaur.
The centaur is lightly wounded.
The centaur hits you but does no damage.
You completely miss the centaur. Your squeeze misses the centaur.
The centaur is lightly wounded.
The centaur hits you with a +0 hand axe.
* * * LOW HITPOINT WARNING * * *
You feel better.
The centaur hits you with a +0 hand axe!
You die...

.# # ##### .#
######### .#
........# .#
#<#######.
#.........
###.#######.
#.....#
###.....####...
#......@c..K...
....#.....####...
#....#.....#
......##.###
...... ..#
.........#
...#####


You could see a centaur and a kobold.

Vanquished Creatures
  A hound (D:5)
  Natasha (D:2)
  An adder (D:2)
  A worm (D:3)
  3 dart slugs
  A leopard gecko (D:1)
  3 giant cockroaches
  5 goblins
  6 hobgoblins (D:1)
  4 jackals (D:1)
  2 quokkas
  3 bats
  A frilled lizard (D:1)
  A kobold (D:1)
  7 rats (D:1)
40 creatures vanquished.

Notes
Turn   | Place    | Note
-------+----------+-------------------------------------------
     0 | D:5      | RaHiT the Octopode Delver began the quest for the Orb.
     0 | D:5      | Reached XP level 1. HP: 16/16 MP: 1/1
     8 | D:5      | Noticed a hound
    22 | D:5      | Killed a hound
    23 | D:5      | Reached skill level 7 in Stealth
    23 | D:5      | Reached skill level 1 in Spellcasting
    23 | D:5      | Reached XP level 2. HP: 8/21 MP: 1/3
    23 | D:5      | Reached XP level 3. HP: 9/26 MP: 1/4
   571 | D:2      | Noticed a centaur
   706 | D:1      | You fall into a shaft and drop 1 floor!
   809 | D:2      | Noticed Natasha
   812 | D:2      | Killed Natasha
   813 | D:2      | Reached skill level 8 in Stealth
   813 | D:2      | Reached XP level 4. HP: 31/31 MP: 5/5
  1453 | D:2      | Slain by a centaur

Illustrated notes

Levels and vault maps discovered:
D:1:      dpeg_arrival_chambers_temple_mockup, layout_basic
D:2:      layout_loops_ring, uniq_natasha
D:3:      layout_loops_corners
D:4:      layout_rooms
D:5:      layout_loops_ring, yredelemnul_altar_generic

Skill      XL: |  1  2  3 |
---------------+----------+-----
Stealth        | 7 8 |  8.0
Spellcasting   | 1 |  1.0
Dodging        | 3 |  3.0
Fighting       | |  3.0
Unarmed Combat | |  2.8

Action                   |  1- 3 |  4- 6 || total
-------------------------+-------+-------++-------
Melee: Dagger            |    28 |    56 ||    84
       Constrict         |     5 |    16 ||    21
       Tentacles         |     4 |     8 ||    12
       Punch             |     1 |       ||     1
       Unarmed           |       |     4 ||     4
  Use: Scroll            |       |     8 ||     8
       Potion            |       |     1 ||     1
 Stab: Sleeping          |     8 |    10 ||    18
Armor: Skin              |     1 |     4 ||     5
Dodge: Dodged            |    11 |    36 ||    47
